 Dungeon Crawl Stone Soup version 0.24.1-4-ge52af88ad5 (webtiles) character file.

Game seed: 13776642070414741769, levelgen mode: deterministic

31019 raph the Reanimator (level 13, -4/115 HPs)
             Began as a Deep Dwarf Necromancer on Apr 19, 2020.
             Was a High Priest of Makhleb.
             Slain by a death yak (17 damage)
             ... on level 5 of the Lair of Beasts.
             The game lasted 01:17:00 (28248 turns).

raph the Reanimator (Deep Dwarf Necromancer)       Turns: 28248, Time: 01:17:01

Health: -4/115     AC: 13    Str: 12    XL:     13   Next: 23%
Magic:  2/20       EV: 17    Int: 19    God:    Makhleb [*****.]
Gold:   893        SH:  5    Dex: 15    Spells: 10/19 levels left

rFire    . . .     SeeInvis .   a - +3 demon whip (elec)
rCold    + . .     Gourm    .   s - +0 buckler
rNeg     . . .     Faith    .   t - +3 ring mail "Raaloa" {rPois rC+ Slay+3 Stlth-}
rPois    +         Spirit   .   (no helmet)
rElec    .         Reflect  .   w - +1 cloak
rCorr    .         Harm     .   y - +0 pair of gloves
MR       +....                  (no boots)
Stlth    ++++......             (no amulet)
HPRegen  0.00/turn              u - ring of stealth
MPRegen  0.17/turn              I - ring of stealth

@: non-regenerating
A: damage resistance, heal wounds, sense surroundings 2, no regeneration
a: Heal Wounds, Minor Destruction, Lesser Servant of Makhleb, Major Destruction,
Greater Servant of Makhleb, Renounce Religion


You were on level 5 of the Lair of Beasts.
You worshipped Makhleb.
Makhleb was extremely pleased with you.
You were very hungry.

You visited 3 branches of the dungeon, and saw 17 of its levels.

You collected 948 gold pieces.
You spent 55 gold pieces at shops.

Inventory:

Hand Weapons
 a - a +3 demon whip of electrocution (weapon)
 n - a +0 hunting sling
 x - a +0 dagger
 E - a +0 flail
 L - the +2 falchion "Serhubuh" {freeze, Str+5}
   (You took it off a crimson imp on level 10 of the Dungeon)

   It has been specially enchanted to freeze those struck by it, causing extra
   injury to most foes and up to half again as much damage against particularly
   susceptible opponents.
   It can also slow down cold-blooded creatures.
   It affects your strength (+5).
 N - the +0 rapier "Voeb" {pierce, +Rage MR+ SInv}
   (You found it on level 2 of the Lair of Beasts)

   It inflicts extra damage upon your enemies.
   It affects your resistance to hostile enchantments.
   It lets you see invisible.
   It lets you go berserk.
 R - a +3 flail of holy wrath
 S - a +2 morningstar of venom
Missiles
 k - 364 stones
 J - 15 boomerangs (quivered)
Armour
 e - a +3 leather armour
 s - a +0 buckler (worn)
 t - the +3 ring mail "Raaloa" (worn) {rPois rC+ Slay+3 Stlth-}
   (You found it on level 1 of the Lair of Beasts)

   It affects your accuracy and damage with ranged weapons and melee attacks
   (+3).
   It protects you from cold.
   It protects you from poison.
   It makes you less stealthy.
 w - a +1 cloak (worn)
 y - a +0 pair of gloves (worn)
Magical Staves
 b - an uncursed staff of power
 O - an uncursed staff of fire
Jewellery
 u - a ring of stealth (left hand)
 I - a ring of stealth (right hand)
Wands
 d - a wand of random effects (17)
 j - a wand of disintegration (10)
 r - a wand of iceblast (9)
 z - a wand of enslavement (7)
 A - a wand of scattershot (9)
 C - a wand of paralysis (12)
 H - a wand of digging (3)
 K - a wand of polymorph (4)
Scrolls
 f - a scroll of acquirement
 i - 6 scrolls of teleportation
 v - 4 scrolls of magic mapping
 B - 3 scrolls of amnesia
 G - 6 scrolls of remove curse
 M - a scroll of fog
 T - a scroll of identify
 U - a scroll of enchant armour
Potions
 g - 3 potions of degeneration
 h - 4 potions of curing
 l - 3 potions of invisibility
 m - 3 potions of flight {unknown}
 o - a potion of mutation
 p - 2 potions of haste {unknown}
 q - 2 potions of agility {unknown}
 D - a potion of resistance {unknown}
 F - a potion of might
Miscellaneous
 P - a lamp of fire
 Q - a phantom mirror
Comestibles
 c - 18 rations


   Skills:
 - Level 7.1 Fighting
 - Level 0.2 Long Blades
 * Level 7.5 Maces & Flails
 - Level 6.9 Armour
 + Level 10.6 Dodging
 + Level 8.2 Stealth
 - Level 4.0 Shields
 + Level 3.7 Spellcasting
 - Level 12.7 Necromancy
 - Level 10.0 Invocations
 - Level 6.5 Evocations


You had 10 spell levels left.
You knew the following spells:

 Your Spells              Type           Power        Failure   Level  Hunger
a - Pain                  Necr           ####         1%          1    None
b - Animate Skeleton      Necr           N/A          1%          1    None
c - Vampiric Draining     Necr           ######....   1%          3    ###....
d - Animate Dead          Necr           N/A          1%          4    ####...

Your spell library contained the following spells:

 Spells                   Type           Power        Failure   Level  Hunger
 Sting                    Conj/Pois      #...         28%         1    None
 Poisonous Vapours        Pois/Air       #.....       38%         2    ##.....
 Mephitic Cloud           Conj/Pois/Air  #.......     63%         3    ###....
 Olgreb's Toxic Radiance  Pois           #.......     95%         4    ####...
 Venom Bolt               Conj/Pois      #.........   100%        5    ######.
 Regeneration             Chrm/Necr      Unusable     N/A         3    N/A

Dungeon Overview and Level Annotations

Branches:
Dungeon (11/15)            Temple (0/1) D:4            Lair (5/6) D:10
 Shoals (0/4) Lair:3        Snake (1/4) Lair:4        Slime (0/5) Lair:5
    Orc: D:9-12

Altars:
Dithmenos
Elyvilon
Fedhas
Gozag
Kikubaaqudgha
Makhleb
Okawaru
Qazlal
Wu Jian
Xom
Yredelemnul
Jiyva

Shops:
D:4 !   D:10 [

Annotations:
D:11 Fannar
Lair:1 1 exclusion
Lair:2 exclusion: oklob plant
Lair:3 Urug


Innate Abilities, Weirdness & Mutations

You are resistant to damage.
You can heal yourself by infusing magical energy.
You passively map the area around you.
You do not regenerate.


Message History

The meliai poisons you! The meliai closely misses you. x2
The killer bee buzzes angrily.
The meliai calls down the wrath of its god upon you.
Something smites you!
* * * LOW HITPOINT WARNING * * *
The meliai mumbles some strange prayers to its god against you.
Something smites you!
* * * LOW HITPOINT WARNING * * *
You feel better.
The meliai invokes the aid of its god against you.
Something smites you!
* * * LOW HITPOINT WARNING * * *
The meliai hits you with a cursed -2 hand axe.
You block the meliai's attack.
Okay, then.
Okay, then.
You fail to use your ability.
The meliai hits you but does no damage. The meliai misses you.
The death yak gores you!!
You die...

...........#...≈##### #......#
..P........#...≈#...#### #.).....
....P.#PP..'######.....# ####....
............##..###....## ###..
...............#........######.#.
.###...................#.#.#..##
* ######.....#######........P.#
,............####P#.P.....# * *
...#####.@y..######....... ...,
#...Y...# #P....## * ** ,,
##..y..############ , *,,,**
,,##...#†...## ,, , ,
#####.....## , , * , , #.......#
* , *##.....##### , ##...#....##
* , ** , , #####.....##


You could see a death yak, a meliai and a killer bee.

Vanquished Creatures
  A hydra (Lair:4)
  2 two-headed ogres (D:10)
  A death yak (Lair:5)
  7 elephants
  4 black mambas
  6 spiny frogs
  A rime drake (Lair:3)
  3 komodo dragons
  A meliai (Lair:5)
  2 hornets
  7 hippogriffs
  9 blink frogs
  28 yaks
  A spriggan (D:7)
  3 wyverns
  3 fire bats (Lair:2)
  A hungry ghost (D:7)
  2 basilisks
  Edmund (D:6)
  2 nagas (Lair:4)
  8 water moccasins
  7 porcupines
  4 sky beasts
  2 black bears
  4 orc warriors
  3 ogres
  A hornet zombie (D:6)
  6 wolves (Lair:3)
  2 centaurs
  8 crocodiles
  10 bullfrogs
  3 scorpions
  5 wights (D:10)
  13 killer bees (Lair:5)
  5 howler monkeys
  5 electric eels
  4 crimson imps
  2 centaur zombies (D:8)
  A lava snake (Lair:2)
  2 quasits
  2 jellies
  3 bullfrog skeletons
  4 hounds
  Crazy Yiuf (D:5)
  3 bullfrog zombies
  8 orc priests
  2 centaur skeletons
  Ijyb (D:5)
  An iguana (D:5)
  8 orc wizards
  7 worker ants
  A hound zombie (D:8)
  A hound skeleton (D:5)
  2 worker ant zombies
  A howler monkey zombie (D:9)
  11 adders
  6 gnolls
  A shadow imp (D:6)
  2 adder skeletons
  5 worms
  3 dart slugs
  57 orcs
  2 ball pythons
  9 giant cockroaches
  4 goblins
  8 hobgoblins
  5 jackals
  4 quokkas
  8 bats
  7 frilled lizards
  2 gnoll zombies (D:5)
  6 kobolds
  A leopard gecko skeleton (D:7)
  A leopard gecko zombie (D:9)
  2 quokka skeletons
  7 rats
  2 fungi (D:3)
378 creatures vanquished.

Vanquished Creatures (collateral kills)
  A hydra (Lair:5)
  A two-headed ogre (D:8)
  An unseen horror (D:10)
  4 elephants
  8 blink frogs
  A hippogriff (Lair:4)
  9 yaks
  A vampire (D:9)
  2 wyverns
  A fire bat (Lair:2)
  A basilisk (Lair:1)
  2 nagas (Lair:4)
  A water moccasin (Lair:4)
  A porcupine (Lair:5)
  A sky beast (D:8)
  A centaur (D:9)
  3 crocodiles
  A bullfrog (Lair:4)
  A wyvern skeleton (D:10)
  2 scorpions
  5 killer bees (Lair:5)
  2 crimson imps (D:10)
  An orc priest (D:9)
  An orc wizard (D:9)
  A hound skeleton (D:8)
  A shadow imp (D:5)
  An adder skeleton (D:7)
  3 orcs
  2 hobgoblins (D:8)
  A jackal (D:9)
  A fungus (Lair:5)
  A plant (D:4)
63 creatures vanquished.

Vanquished Creatures (others)
  5 dream sheep (D:4)
  An orc wizard (D:5)
  54 fungi
  61 plants
121 creatures vanquished.

Grand Total: 562 creatures vanquished

Notes
Turn   | Place    | Note
-------+----------+-------------------------------------------
     0 | D:1      | raph the Deep Dwarf Necromancer began the quest for the
                  | Orb.
     0 | D:1      | Reached XP level 1. HP: 15/15 MP: 3/3
    10 | D:1      | Learned a level 1 spell: Animate Skeleton
   313 | D:1      | Reached XP level 2. HP: 22/22 MP: 0/4
   382 | D:1      | Reached skill level 5 in Necromancy
  1003 | D:1      | You fall into a shaft and drop 1 floor!
  1040 | D:2      | Found a burning altar of Makhleb.
  1057 | D:2      | Became a worshipper of Makhleb the Destroyer
  1250 | D:2      | Reached XP level 3. HP: 3/28 MP: 0/5
  1306 | D:2      | Learned a level 3 spell: Vampiric Draining
  2582 | D:2      | Reached skill level 6 in Necromancy
  3153 | D:2      | Reached XP level 4. HP: 35/36 MP: 0/6
  3383 | D:3      | Found a blossoming altar of Fedhas.
  3520 | D:3      | Reached * piety under Makhleb
  3572 | D:3      | Found a stormy altar of Qazlal.
  3587 | D:3      | Found a blossoming altar of Fedhas.
  3635 | D:3      | Found an ornate altar of the Wu Jian Council.
  4226 | D:3      | Noticed a bullfrog
  4233 | D:3      | Killed a bullfrog
  4233 | D:3      | Reached XP level 5. HP: 37/42 MP: 1/8
  4751 | D:4      | Found Muotaicreck's Distillery.
  4754 | D:4      | Bought a potion of heal wounds for 55 gold pieces
  4834 | D:4      | Noticed an ogre
  4854 | D:4      | Killed an ogre
  4854 | D:4      | Reached skill level 7 in Necromancy
  4854 | D:4      | Reached XP level 6. HP: 12/49 MP: 0/10
  5009 | D:4      | Learned a level 4 spell: Animate Dead
  5477 | D:4      | Reached skill level 1 in Invocations
  5655 | D:4      | Found a staircase to the Ecumenical Temple.
  5697 | D:4      | Reached skill level 1 in Fighting
  5918 | D:4      | Noticed a dream sheep
  5918 | D:4      | Noticed a dream sheep
  5918 | D:4      | Noticed a dream sheep
  5918 | D:4      | Noticed a dream sheep
  5918 | D:4      | Noticed a dream sheep
  5918 | D:4      | Found a shimmering altar of Xom.
  5923 | D:4      | Killed a dream sheep
  5923 | D:4      | Killed a dream sheep
  5925 | D:4      | Killed a dream sheep
  5926 | D:4      | Killed a dream sheep
  5927 | D:4      | Killed a dream sheep
  6329 | D:5      | Entered Level 5 of the Dungeon
  6360 | D:5      | Reached XP level 7. HP: 45/57 MP: 11/11
  6562 | D:5      | Noticed Ijyb
  6570 | D:5      | Killed Ijyb
  7328 | D:5      | Reached ** piety under Makhleb
  7757 | D:5      | Reached skill level 8 in Necromancy
  7908 | D:5      | Reached skill level 1 in Shields
  7908 | D:5      | Reached XP level 8. HP: 65/67 MP: 2/12
  8553 | D:5      | Found a basalt altar of Yredelemnul.
  8781 | D:5      | Found a runed translucent door.
  8782 | D:5      | Noticed Crazy Yiuf
  8788 | D:5      | Killed Crazy Yiuf
  9287 | D:6      | Noticed Edmund
  9310 | D:6      | Killed Edmund
  9635 | D:6      | Reached skill level 5 in Invocations
 10044 | D:6      | Found a white marble altar of Elyvilon.
 10257 | D:6      | Found an opulent altar of Gozag.
 10295 | D:6      | Reached skill level 9 in Necromancy
 11491 | D:7      | Reached skill level 1 in Evocations
 11496 | D:7      | Reached *** piety under Makhleb
 11670 | D:7      | Gained mutation: You passively map the area around you.
                  | [Deep Dwarf growth]
 11670 | D:7      | Reached XP level 9. HP: 74/74 MP: 13/13
 12535 | D:7      | Found a shadowy altar of Dithmenos.
 12877 | D:8      | Reached skill level 5 in Dodging
 12953 | D:8      | Noticed a two-headed ogre
 12961 | D:8      | Killed a two-headed ogre
 13572 | D:8      | Found an ancient bone altar of Kikubaaqudgha.
 13574 | D:8      | Found an iron altar of Okawaru.
 14349 | D:8      | Reached **** piety under Makhleb
 14349 | D:8      | Reached skill level 10 in Necromancy
 14528 | D:8      | Reached skill level 5 in Evocations
 14528 | D:8      | Reached XP level 10. HP: 81/86 MP: 16/16
 14807 | D:8      | Reached skill level 1 in Maces & Flails
 15628 | D:9      | Found a shimmering altar of Xom.
 16798 | D:10     | Entered Level 10 of the Dungeon
 16822 | D:10     | Noticed a two-headed ogre
 16839 | D:10     | Killed a two-headed ogre
 16839 | D:10     | Reached skill level 5 in Fighting
 17570 | D:10     | Found a staircase to the Lair.
 17582 | D:10     | Noticed a two-headed ogre
 17588 | D:10     | Identified the +2 falchion "Serhubuh" {freeze, Str+5}
 17771 | D:10     | Found Vedduol's Antique Armour Shoppe.
 17826 | D:10     | Reached skill level 1 in Armour
 18245 | D:10     | Reached skill level 5 in Stealth
 18865 | D:10     | Reached XP level 11. HP: 47/94 MP: 17/17
 18935 | D:11     | Noticed Fannar
 18971 | D:10     | HP: 3/94 [something (3)]
 18977 | D:10     | Noticed an unseen horror
 18981 | D:10     | Killed an unseen horror
 19019 | D:10     | HP: 2/94 [hippogriff (1)]
 19562 | Lair:1   | Entered Level 1 of the Lair of Beasts
 19981 | D:10     | Killed a two-headed ogre
 19981 | D:10     | Reached skill level 11 in Necromancy
 21263 | Lair:1   | Reached skill level 5 in Maces & Flails
 21309 | Lair:1   | Got an ancient ring mail
 21533 | Lair:1   | Identified the +3 ring mail "Raaloa" {rPois rC+ Slay+3
                  | Stlth-} (You found it on level 1 of the Lair of Beasts)
 21698 | Lair:1   | Noticed a seven-headed hydra
 22033 | Lair:2   | Got a bone rapier
 22034 | Lair:2   | Identified the +0 rapier "Voeb" {pierce, +Rage MR+ SInv}
                  | (You found it on level 2 of the Lair of Beasts)
 22352 | Lair:2   | Found a blossoming altar of Fedhas.
 22689 | Lair:2   | Noticed an oklob plant
 22740 | Lair:2   | Reached skill level 5 in Armour
 23651 | Lair:2   | Reached XP level 12. HP: 105/105 MP: 12/18
 24342 | Lair:3   | Reached skill level 12 in Necromancy
 24398 | Lair:3   | Reached ***** piety under Makhleb
 24859 | Lair:3   | Found a staircase to the Shoals.
 25246 | Lair:3   | Noticed Urug
 26310 | Lair:4   | Noticed a four-headed hydra
 26455 | Lair:3   | Identified 2 scrolls of acquirement
 26501 | Lair:4   | Killed a four-headed hydra
 26501 | Lair:4   | Reached skill level 10 in Dodging
 26671 | Lair:4   | Found a staircase to the Snake Pit.
 27167 | Snake:1  | Entered Level 1 of the Snake Pit
 27191 | Lair:5   | Found a viscous altar of Jiyva.
 27191 | Lair:5   | Found a staircase to the Slime Pits.
 27481 | Lair:5   | Reached XP level 13. HP: 95/115 MP: 20/20
 27760 | Lair:5   | Reached skill level 10 in Invocations
 28248 | Lair:5   | Slain by a death yak

Levels and vault maps discovered:
D:1:      dpeg_arrival_tiny_j, layout_loops_ring, minmay_pentomino_r4
D:2:      layout_basic, lightli_temple_of_fire, first_ration
D:3:      layout_rooms, grunt_temple_overflow_forces_of_nature,
          nicolae_overflow_hidden_temple, fedhas_ov_isle_minmay
D:4:      layout_basic, kb_xom_exploding_sheep, minmay_temple_entry_butterflies,
          serial_shops, nicolae_shop_window_shopping, serial_bayou_crossing
D:5:      layout_basic, lemuel_zombie_altar_yredelemnul, uniq_ijyb,
          uniq_crazy_yiuf_cottage
D:6:      layout_loops_corners, nicolae_gozag_seed_capital, elyvilon_altar_5,
          uniq_edmund
D:7:      layout_loops_ring, grunt_dithmenos_smoke_and_mirrors, the_bakery
D:8:      layout_loops_ring, grunt_temple_overflow_open, minivault_4,
          sigmund_army
D:9:      layout_gridville, basic_altar
D:10:     layout_long_grid, due_lair_maze_entry_diamond, serial_shops, shop
D:11:     layout_loops_cross, serial_shops, shop_statue, uniq_fannar
Lair:1:   layout_misc_corridors, grunt_megastairs_2
Lair:2:   layout_gridlike, mumra_transporter_accident,
          chequers_serial_rivers_small_3, lemuel_oklob_altar,
          serial_bayou_shore_b
Lair:3:   layout_chaotic_city, elwin_shoals_entry_rocks,
          chequers_serial_rivers_room_a, serial_bayou_shore_a, uniq_urug
Lair:4:   layout_big_grid, minmay_snake_entry_guardpost_small,
          nicolae_volcano_entry_hallway
Lair:5:   regret_index_combs_of_tragedy, layout_misc_corridors, slime_altar_1,
          chequers_serial_rivers_room_a
Snake:1:  layout_gridlike, basic_altar, serial_shops, nicolae_shop_statue_plus,
          shop_coins, shop, portal_ice_cave_entry_ice_statue_two,
          grunt_megastairs_3

Skill      XL: |  1  2  3  4  5  6  7  8  9 10 11 12 13 |
---------------+----------------------------------------+-----
Necromancy     | 5 6 7 8 9 10 11 12 | 12.7
Spellcasting   | 2 3 |  3.7
Invocations    | 1 3 6 8 9 10 | 10.0
Stealth        | 3 4 5 6 7 8 |  8.2
Fighting       | 1 2 4 5 6 7 |  7.1
Dodging        | 3 4 5 7 8 10 | 10.6
Shields        | 1 4 |  4.0
Evocations     | 1 5 6 |  6.5
Maces & Flails | 3 5 6 7 |  7.5
Armour         | 1 5 6 |  6.9
Long Blades    | |  0.2

Action                   |  1- 3 |  4- 6 |  7- 9 | 10-12 | 13-15 || total
-------------------------+-------+-------+-------+-------+-------++-------
Melee: Dagger            |    54 |   102 |   132 |       |       ||   288
       Staff             |       |     5 |    93 |    29 |       ||   127
       War axe           |       |       |    33 |       |       ||    33
       Flail             |       |       |    87 |   271 |       ||   358
       Rapier            |       |       |       |    41 |       ||    41
       Falchion          |       |       |       |     3 |       ||     3
       Demon whip        |       |       |       |    77 |   104 ||   181
       Morningstar       |       |       |       |    22 |       ||    22
Throw: Stone             |       |     1 |       |     2 |       ||     3
       Boomerang         |       |       |       |     1 |       ||     1
 Cast: Pain              |    74 |    59 |   183 |   344 |    17 ||   677
       Animate Skeleton  |    16 |     8 |    23 |    39 |     1 ||    87
       Vampiric Draining |    17 |    16 |    80 |   235 |    17 ||   365
       Animate Dead      |       |     3 |    18 |    29 |     3 ||    53
Invok: Lesser Servant of |       |       |       |     4 |     1 ||     5
       Major Destruction |       |       |       |     1 |     1 ||     2
       Minor Destruction |       |       |       |     1 |       ||     1
Evoke: Wand              |       |       |     2 |     2 |       ||     4
  Use: Scroll            |       |     5 |     2 |    15 |       ||    22
       Potion            |       |       |     1 |     3 |     1 ||     5
 Stab: Sleeping          |     4 |     2 |     2 |     5 |     1 ||    14
       Distracted        |       |       |       |     4 |       ||     4
  Eat: Chunk             |    10 |    14 |    22 |    34 |     4 ||    84
       Ration            |       |       |     5 |    10 |       ||    15
Armor: Leather armour    |    22 |    21 |   230 |   111 |       ||   384
       Ring mail         |       |       |       |   201 |    37 ||   238
Dodge: Dodged            |    42 |    43 |   374 |   762 |   131 ||  1352
Block: Buckler           |       |       |    42 |   251 |    36 ||   329
